 Dungeon Crawl Stone Soup version 0.28-a0-494-ge2d2658822 (webtiles) character file.

Game seed: 4339725109367605065

121947 jt the Cleaver (level 16, -2/136 HPs)
             Began as a Yellow Draconian Cinder Acolyte on Sept 19, 2021.
             Was an Elder of Ignis.
             Slain by a lindwurm simulacrum (7 damage)
             ... summoned by an orange crystal statue
             ... in an ice cave on Sept 21, 2021.
             The game lasted 02:50:53 (56487 turns).

jt the Cleaver (Yellow Draconian Cinder Acolyte)   Turns: 56487, Time: 02:50:53

Health: -2/136     AC: 21    Str: 27    XL:     16   Next: 33%
Magic:  17/27      EV: 20    Int: 25    God:    Ignis [****..]
Gold:   1686       SH: 13    Dex: 13    Spells: 16/30 levels left

rFire   + + +      SeeInvis .   b - +2 hand axe (freeze)
rCold   + . .      Faith    .   V - +1 kite shield {AC+3}
rNeg    . . .      Spirit   .   (armour unavailable)
rPois   +          Reflect  .   m - +2 hat {Will+}
rElec   +          Harm     .   L - +2 cloak {rPois}
rCorr   +          Rampage  .   z - +1 pair of gloves
Will    ++...                   n - +1 pair of boots of Baroduw {rCorr Str+2}
Stlth   +.........              r - amulet of Gurr {Acrobat rElec rF+ rCorr}
HPRegen 0.32/turn               j - ring of the Tired Leylines {*Slow +Blink EV+4 Str+6 Dex+4}
MPRegen 0.20/turn               W - +6 ring of intelligence

@: short of breath, resistant, studying Staves
A: spit acid, AC +9, unfitting armour, acidic bite, cold-blooded, acid
resistance, strong 1
a: Breathe Acid, Renounce Religion, Evoke Blink, Sea of Fire, Foxfire Swarm,
Rising Flame


You were in an ice cave.
You worshipped Ignis.
Ignis was greatly pleased with you.
You visited 7 branches of the dungeon, and saw 30 of its levels.
You also visited: Sewer, Bailey and Ice Cave.

You collected 3592 gold pieces.
You spent 1906 gold pieces at shops.

Inventory:

Hand Weapons
 a - a +0 hand axe of flaming
 b - a +2 hand axe of freezing (weapon)
 w - the +0 falchion "Globulus" {speed, rPois rC- Will+ Dex+5}
   (You found it in a bailey)

   Attacks with this weapon are significantly faster.
   Dex:       It affects your dexterity (+5).
   rC:        It makes you vulnerable to cold.
   rPois:     It protects you from poison.
   Will:      It increases your willpower.
 D - a +0 vorpal broad axe
 X - a +3 spear of venom
Missiles
 t - 117 poisoned darts
 G - a curare-tipped dart
 S - 6 throwing nets
Armour
 m - a +2 hat of willpower (worn)
 n - the +1 pair of boots of Baroduw (worn) {rCorr Str+2}
   (You found it in a bailey)

   Str:       It affects your strength (+2).
   rCorr:     It protects you from acid and corrosion.
 z - a +1 pair of gloves (worn)
 L - a +2 cloak of poison resistance (worn)
 V - a +1 kite shield of protection (worn)
Magical Staves
 o - a staff of cold
Jewellery
 j - the ring of the Tired Leylines (left hand) {*Slow +Blink EV+4 Str+6 Dex+4}
   (You found it on level 1 of the Shoals)

   [ring of evasion]

   EV:        It affects your evasion (+4).
   Str:       It affects your strength (+6).
   Dex:       It affects your dexterity (+4).
   +Blink:    It lets you blink.
   *Slow:     It may slow you when you take damage.
 r - the amulet of Gurr (around neck) {Acrobat rElec rF+ rCorr}
   (You acquired it on level 6 of the Dungeon)

   [amulet of the acrobat]

   It increases your evasion while moving and waiting.
   rF:        It protects you from fire.
   rElec:     It insulates you from electricity.
   rCorr:     It protects you from acid and corrosion.
 C - the ring of Res Nullius {rPois rN+++ Str-2 Int-5 Dex+6}
   (You acquired it on level 12 of the Dungeon)

   [ring of dexterity]

   Str:       It affects your strength (-2).
   Int:       It affects your intelligence (-5).
   Dex:       It affects your dexterity (+6).
   rPois:     It protects you from poison.
   rN:        It renders you almost immune to negative energy.
 J - a ring of flight
 W - a +6 ring of intelligence (right hand)
Wands
 g - a wand of paralysis (4)
 h - a wand of charming (7)
 k - a wand of polymorph (26)
 q - a wand of flame (22)
Scrolls
 e - 2 scrolls of fear
 u - 3 scrolls of vulnerability
 v - 2 scrolls of teleportation
 O - 4 scrolls of fog
 Q - 3 scrolls of blinking
 R - 5 scrolls of magic mapping
 U - a scroll of enchant weapon
Potions
 d - 4 potions of attraction
 f - 8 potions of might
 i - 6 potions of curing
 p - 2 potions of invisibility
 x - 3 potions of brilliance
 E - 5 potions of mutation
 F - 2 potions of magic
 H - 4 potions of haste
 I - 2 potions of cancellation {unknown}
 M - a potion of berserk rage
 T - 3 potions of lignification
 Y - 4 potions of heal wounds


   Skills:
 - Level 10.7 Fighting
 - Level 14.2 Axes
 - Level 11.5 Dodging
 + Level 12.5 Shields
 + Level 7.9 Spellcasting
 + Level 8.9 Conjurations
 - Level 4.0 Translocations
 + Level 8.2 Fire Magic
 - Level 5.0 Air Magic
 - Level 3.0 Poison Magic
 - Level 7.4 Evocations


You had 16 spell levels left.
You knew the following spells:

 Your Spells              Type           Power      Damage    Failure   Level
a - Scorch                Fire           100%       2d10      1%          2
b - Foxfire               Conj/Fire      100%       2x1d9     1%          1
c - Mephitic Cloud        Conj/Pois/Air  38%        N/A       2%          3
d - Poisonous Vapours     Pois/Air       58%        N/A       2%          2
e - Blink                 Tloc           N/A        N/A       2%          2
f - Flame Wave            Conj/Fire      52%        3d10      2%          4

Your spell library contained the following spells:

 Spells                   Type           Power      Damage    Failure   Level
 Magic Dart               Conj           100%       1d8       1%          1
 Searing Ray              Conj           100%       2d8       1%          2
 Conjure Flame            Conj/Fire      52%        6-21      1%          3
 Corpse Rot               Necr/Air       N/A        N/A       4%          2
 Gell's Gravitas          Tloc           14%        N/A       4%          3
 Inner Flame              Hex/Fire       30%        N/A       4%          3
 Lesser Beckoning         Tloc           29%        N/A       4%          3
 Stone Arrow              Conj/Erth      64%        3d11      4%          3
 Teleport Other           Tloc           29%        N/A       4%          3
 Ignite Poison            Fire/Tmut/Pois 28%        N/A       5%          3
 Fireball                 Conj/Fire      26%        3d12      7%          5
 Sandblast                Erth           18%        2d7       9%          1
 Airstrike                Air            17%        N/A       11%         4
 Call Imp                 Summ           9%         N/A       13%         2
 Passwall                 Tmut/Erth      7%         N/A       13%         2
 Lightning Bolt           Conj/Air       22%        1d37      13%         5
 Summon Lightning Spire   Summ/Air       22%        N/A       30%         4
 Freezing Cloud           Conj/Ice/Air   16%        6-21      34%         5
 Irradiate                Conj/Tmut      16%        3d19      36%         5
 Manifold Assault         Tloc           29%        N/A       41%         5
 Animate Dead             Necr           4%         N/A       63%         4
 Leda's Liquefaction      Hex/Erth       4%         N/A       63%         4
 Silence                  Hex/Air        11%        N/A       63%         5
 Borgnjor's Vile Clutch   Necr/Erth      4%         N/A       93%         5
 Lee's Rapid Deconstruct  Erth           4%         3d6*      93%         5
 Death Channel            Necr           4%         N/A       100%        6
 Statue Form              Tmut/Erth      6%         N/A       100%        6
 Haunt                    Necr/Summ      4%         N/A       100%        7
 Storm Form               Tmut/Air       11%        N/A       100%        7
 Infestation              Necr           4%         N/A       100%        8


Dungeon Overview and Level Annotations

Branches:
Dungeon (15/15)            Temple (1/1) D:6            Lair (6/6) D:8
 Shoals (4/4) Lair:3       Spider (1/4) Lair:4        Slime (0/5) Lair:6
    Orc (2/2) D:10            Elf (1/3) Orc:2        Vaults (0/5) D:13
 Depths (0/4) D:15          Sewer (visited)          Bailey (visited)
  IceCv (1/1)

Altars:
Ashenzari
Cheibriados
Dithmenos
Elyvilon
Fedhas
Gozag
Hepliaklqana
Kikubaaqudgha
Makhleb
Nemelex Xobeh
Okawaru
Qazlal
Ru
Sif Muna
Trog
Uskayaw
Vehumet
Wu Jian
Xom
Yredelemnul
Zin
The Shining One

Shops:
D:2 *   D:5 (   D:9 =   D:11 *   D:14 (   Orc:1 (   Orc:2 ![[!   Shoals:1 (
Shoals:2 (

Portals:
Trove: D:15 (lose all piety)

Annotations:
Shoals:1 Roxanne
Shoals:4 Ilsuiw IceCv 1 transporter, exclusion: orange crystal statue


Innate Abilities, Weirdness & Mutations

You can spit globs of acid.
Your golden yellow scales are hard. (AC +9)
You cannot fit into any form of body armour.
You have acidic saliva.
You are cold-blooded and may be slowed by cold attacks.
You are resistant to acid. (rCorr)
Your muscles are strong. (Str +2)


Message History

The orange crystal statue is moderately damaged.
The acid splashes onto the lindwurm simulacrum!
The lindwurm simulacrum is splashed with acid.
The acid corrodes the lindwurm simulacrum!
You block the white very ugly thing's attack.
The alligator simulacrum bites you. The alligator simulacrum freezes you!
You resist.
The alligator simulacrum tail-slaps you.
The alligator simulacrum freezes you! You resist.
You block the dire elephant simulacrum's attack.
The dire elephant simulacrum barely misses you.
The lindwurm simulacrum misses you.
The lindwurm simulacrum claws you but does no damage.
You block the lindwurm simulacrum's attack.
The orange crystal statue glitters.
You resist with almost no effort.
Unknown command.
Aiming: Corrosive Bolt
Press: ? - help, Shift-Dir - straight line, f/p - orange crystal statue
Aim: an orange crystal statue (moderately damaged, 100% to hit)
The bolt of acid hits the orange crystal statue!
The acid corrodes the orange crystal statue!
The orange crystal statue is heavily damaged.
The now-empty wand crumbles to dust.
The white very ugly thing tail-slaps you.
The white very ugly thing freezes you!! You resist.
* * * LOW HITPOINT WARNING * * *
The alligator simulacrum misses you.
The alligator simulacrum barely misses you.
The dire elephant simulacrum tramples you!
* * * LOW HITPOINT WARNING * * *
You hold your ground!
You block the dire elephant simulacrum's attack.
The orange crystal statue glitters.
You easily resist.
The lindwurm simulacrum barely misses you.
The lindwurm simulacrum claws you.
* * * LOW HITPOINT WARNING * * *
The lindwurm simulacrum freezes you! You resist.
You die...

###############
#©...[$8}(...∩#
#.....)@Z.....#
##8...ZZu...8##
##8.......8##
##8..©..8##
###########
##...8©8...##
#...(.©.(...#
##.....(.....##
#.............#


You could see a white very ugly thing, an orange crystal statue (corroded), an
alligator simulacrum (summoned), a dire elephant simulacrum (summoned) and a
lindwurm simulacrum (summoned, corroded).

Vanquished Creatures
  2 krakens (Shoals:3)
  Gastronok (Lair:1)
  An orc warlord (Orc:1)
  A very ugly thing (IceCv)
  A stone giant (D:15)
  A merfolk javelineer (Shoals:4)
  2 merfolk impalers
  Josephine (Lair:5)
  3 boulder beetles
  10 hydras
  3 centaur warriors
  Erica (D:10)
  2 merfolk aquamancers
  2 catoblepae (Lair:5)
  6 two-headed ogres
  A dancing weapon (Elf:1)
  6 merfolk avatars
  An orc high priest (Orc:2)
  4 tengu warriors (D:15)
  6 skeletal warriors
  5 sea snakes
  A wizard (D:13)
  5 harpies
  2 deep elf pyromancers
  8 orc knights
  4 deep elf zephyrmancers (Elf:1)
  An orc sorcerer (Orc:1)
  A necromancer (D:13)
  An orb spider (Spider:1)
  6 manticores
  16 ugly things
  5 cyclopes
  3 oklob plants
  4 elephants
  8 fauns (Shoals:1)
  2 black mambas
  4 merfolk sirens
  2 molten gargoyles (D:11)
  A torpor snail (Lair:6)
  8 cane toads
  3 water nymphs
  An efreet (D:13)
  3 rime drakes
  4 komodo dragons
  An anaconda simulacrum (IceCv)
  2 golden dragon simulacra (IceCv)
  A yaktaur (shapeshifter) (D:13)
  A demonic crawler (Lair:4)
  2 freezing wraiths (IceCv)
  18 merfolk
  A jumping spider (Spider:1)
  7 trolls
  A hornet (D:9)
  2 wind drakes (Shoals:3)
  12 polar bears
  Prince Ribbit (D:9)
  4 snapping turtles
  3 raiju (Lair:6)
  9 dream sheep
  A meliai zombie (D:11)
  2 centaur simulacra (D:12)
  4 redbacks
  Sigmund (D:6)
  6 water elementals
  6 wyverns
  3 tarantellas (Spider:1)
  A vampire (D:10)
  3 air elementals (Elf:1)
  8 wraiths
  65 yaks
  5 basilisks
  2 steam dragons
  A two-headed ogre zombie (D:10)
  7 wargs
  A harpy simulacrum (IceCv)
  14 hell hounds (Lair:6)
  16 water moccasins
  13 black bears
  29 orc warriors
  A sky beast (D:6)
  2 necrophages
  An ettin simulacrum (IceCv)
  An ice beast (D:6)
  6 ogres
  20 wolves
  16 centaurs
  3 phantoms
  3 kobold brigands
  12 bullfrogs
  Blork the orc (D:6)
  3 gnoll sergeants
  4 scorpions
  A troll zombie (D:10)
  3 lindwurm simulacra (IceCv)
  5 killer bees (D:8)
  26 wights
  An electric eel (Lair:1)
  5 lava snakes (D:11)
  2 howler monkeys
  4 hounds
  3 centaur zombies
  A jelly (D:8)
  6 orc priests
  A bullfrog skeleton (D:4)
  2 centaur skeletons
  4 iguanas
  8 orc wizards
  6 ogre zombies (D:10)
  2 howler monkey skeletons
  20 gnolls
  8 adders
  5 river rats
  3 white imps
  2 ufetubi
  3 worms
  3 dart slugs
  71 orcs
  6 endoplasms
  9 giant cockroaches
  8 goblins
  5 hobgoblins
  4 jackals (D:2)
  14 ball pythons
  4 bats
  5 frilled lizards
  A goblin skeleton (D:10)
  2 goblin zombies (D:10)
  2 hobgoblin skeletons (D:10)
  2 hobgoblin zombies (D:10)
  35 kobolds
  3 orc skeletons (D:10)
  15 orc zombies (D:10)
  28 rats
  2 butterflies (Lair:3)
  3 tentacles (Shoals:3)
822 creatures vanquished.

Vanquished Creatures (collateral kills)
  A foxfire (Lair:5)
1 creature vanquished.

Vanquished Creatures (others)
  5 dream sheep (D:9)
  An orc warrior (Orc:2)
  A centaur (Orc:2)
  82 foxfires
  34 fungi
  127 plants
  24 tentacles (Shoals:3)
274 creatures vanquished.

Grand Total: 1097 creatures vanquished

Notes
Turn   | Place    | Note
-------+----------+-------------------------------------------
     0 | D:1      | jt the Draconian Cinder Acolyte began the quest for the
                  | Orb.
     0 | D:1      | Reached XP level 1. HP: 19/19 MP: 2/2
   532 | D:1      | Found a faded altar of an unknown god.
   634 | D:1      | Reached XP level 2. HP: 20/26 MP: 3/3
   637 | D:1      | Learned a level 2 spell: Scorch
  1086 | D:2      | Found Joaf's General Store.
  1199 | D:2      | Reached skill level 4 in Axes
  1274 | D:2      | Reached XP level 3. HP: 27/31 MP: 4/4
  2224 | D:3      | Reached XP level 4. HP: 10/38 MP: 0/5
  2225 | D:3      | Reached skill level 5 in Axes
  2701 | D:3      | Found a blossoming altar of Fedhas.
  2868 | D:3      | Found an ornate altar of the Wu Jian Council.
  3443 | D:3      | Reached XP level 5. HP: 45/45 MP: 3/6
  3454 | D:3      | Reached skill level 6 in Axes
  3768 | D:3      | Found a glowing silver altar of Zin.
  4112 | D:4      | Noticed a centaur
  4120 | D:4      | Noticed a black bear
  4392 | D:5      | Entered Level 5 of the Dungeon
  4409 | D:5      | Reached XP level 6. HP: 48/51 MP: 0/7
  4476 | D:5      | Learned a level 1 spell: Foxfire
  4485 | D:5      | Reached skill level 7 in Axes
  5200 | D:4      | Found a sparkling altar of Nemelex Xobeh.
  5460 | D:5      | Found Obenazat's Hydra Hut.
  5467 | D:5      | Noticed an eight-headed hydra
  5582 | D:5      | Found a broken altar of Ashenzari.
  5631 | D:5      | Reached skill level 8 in Axes
  5631 | D:5      | Your scales start taking on a golden yellow colour.
  5631 | D:5      | Reached XP level 7. HP: 47/57 MP: 8/8
  5631 | D:5      | Gained mutation: You are resistant to acid. (rCorr) [Yellow
                  | Draconian growth]
  5896 | D:6      | Identified a scroll of acquirement
  5896 | D:6      | Acquired the amulet of Gurr {Acrobat rElec rF+ rCorr}
  6144 | D:6      | Found a staircase to the Ecumenical Temple.
  6203 | D:6      | Found a glowing drain.
  6209 | Sewer    | Entered a sewer
  6662 | Sewer    | Reached XP level 8. HP: 63/63 MP: 11/11
  7192 | Temple   | Entered the Ecumenical Temple
  7667 | D:6      | Noticed Blork the orc
  7667 | D:6      | Noticed Sigmund
  7712 | D:6      | Killed Sigmund
  7713 | D:6      | Reached skill level 9 in Axes
  7731 | D:6      | Killed Blork the orc
  7877 | D:6      | Reached skill level 5 in Fire Magic
  8074 | D:6      | Reached skill level 5 in Fighting
  8607 | D:7      | Reached XP level 9. HP: 54/74 MP: 15/15
  9338 | D:7      | Found a stormy altar of Qazlal.
  9387 | D:7      | Reached skill level 5 in Spellcasting
  9603 | D:7      | Reached skill level 10 in Axes
  9813 | D:7      | Learned a level 3 spell: Mephitic Cloud
  9907 | D:8      | Found a flagged portal.
  9984 | Bailey   | Entered a bailey
 10482 | Bailey   | Noticed an orc knight
 10482 | Bailey   | Noticed an orc knight
 10501 | Bailey   | Killed an orc knight
 10674 | Bailey   | Killed an orc knight
 10812 | Bailey   | Reached skill level 11 in Axes
 10812 | Bailey   | Reached XP level 10. HP: 90/90 MP: 16/17
 10900 | Bailey   | Identified the +2 plate armour "Cietadet" {+Inv Regen+
                  | Int-2}
 10901 | Bailey   | Identified the +0 falchion "Globulus" {speed, rPois rC-
                  | Will+ Dex+5}
 10902 | Bailey   | Identified the +1 pair of boots of Baroduw {rCorr Str+2}
 11445 | D:8      | Found a bloodstained altar of Trog.
 11640 | D:8      | Found an ancient bone altar of Kikubaaqudgha.
 11668 | D:8      | Found an opulent altar of Gozag.
 11679 | D:8      | Noticed a green ugly thing
 11694 | D:8      | Killed a brown ugly thing
 12316 | D:8      | Found a staircase to the Lair.
 13034 | Lair:1   | Entered Level 1 of the Lair of Beasts
 13142 | Lair:1   | Reached skill level 10 in Fighting
 13384 | Lair:1   | Noticed Gastronok
 13433 | Lair:2   | Identified the +8 falchion of the Vulture {freeze, MP-9
                  | Dex+5}
 13465 | Lair:2   | Reached skill level 12 in Axes
 13465 | Lair:2   | Reached skill level 1 in Conjurations
 13590 | Lair:2   | Noticed a cane toad
 13598 | Lair:2   | Killed a cane toad
 14644 | Lair:2   | Reached XP level 11. HP: 48/99 MP: 18/18
 15364 | Lair:3   | Found a radiant altar of Vehumet.
 15442 | Lair:3   | Reached skill level 5 in Conjurations
 15587 | Lair:3   | Found a staircase to the Shoals.
 15646 | Lair:3   | Reached skill level 13 in Axes
 15825 | Lair:3   | Learned a level 2 spell: Poisonous Vapours
 15828 | Lair:3   | Learned a level 2 spell: Blink
 16309 | Lair:4   | Noticed a five-headed hydra
 16548 | Lair:3   | Reached skill level 1 in Air Magic
 16548 | Lair:3   | Reached skill level 1 in Poison Magic
 16673 | Lair:4   | Found a shimmering blue altar of Sif Muna.
 16705 | Lair:4   | Noticed a five-headed hydra
 16752 | Lair:4   | Killed a one-headed hydra
 17131 | Lair:4   | Killed a four-headed hydra
 17582 | Lair:4   | Reached skill level 14 in Axes
 17759 | Lair:4   | Reached skill level 1 in Dodging
 17759 | Lair:4   | Reached skill level 1 in Evocations
 17918 | Lair:4   | Noticed a four-headed hydra
 17934 | Lair:4   | Killed a one-headed hydra
 17935 | Lair:4   | Reached XP level 12. HP: 82/106 MP: 19/19
 18750 | Lair:4   | Found a hole to the Spider Nest.
 19216 | Lair:5   | Noticed an eight-headed hydra
 19242 | Lair:5   | Killed a six-headed hydra
 19608 | D:9      | Noticed Prince Ribbit
 19648 | D:9      | Reached skill level 5 in Evocations
 19653 | D:9      | Killed Prince Ribbit
 19880 | D:9      | Noticed a boulder beetle
 19904 | D:9      | Killed a boulder beetle
 19905 | D:9      | Reached skill level 5 in Dodging
 20235 | D:9      | Found a snail-covered altar of Cheibriados.
 20603 | D:9      | Found Duutunk's Jewellery Emporium.
 20782 | D:9      | Found a shimmering altar of Xom.
 21301 | D:9      | Noticed a two-headed ogre
 21309 | D:9      | Killed a two-headed ogre
 21636 | D:10     | Entered Level 10 of the Dungeon
 21649 | D:10     | Noticed Erica
 21793 | D:10     | Killed Erica
 21794 | D:10     | Reached skill level 1 in Translocations
 22280 | D:10     | Got the Handbook of Lethal Lightness
 22297 | D:10     | Found a basalt altar of Yredelemnul.
 22332 | D:10     | Found a staircase to the Orcish Mines.
 22779 | D:10     | Found a radiant altar of Vehumet.
 23438 | Orc:1    | Entered Level 1 of the Orcish Mines
 23715 | Orc:1    | Reached XP level 13. HP: 103/112 MP: 20/20
 24742 | Orc:1    | Found Qafilur's Antique Weapon Shoppe.
 24937 | Orc:2    | Entered Level 2 of the Orcish Mines
 25012 | Orc:2    | Found a staircase to the Elven Halls.
 25489 | Lair:5   | Noticed Josephine
 25496 | Lair:5   | Killed Josephine
 26454 | Lair:5   | Reached skill level 5 in Air Magic
 27098 | Lair:6   | Entered Level 6 of the Lair of Beasts
 29973 | Lair:6   | Reached skill level 10 in Dodging
 30020 | Lair:6   | Found a staircase to the Slime Pits.
 32112 | Lair:6   | Gained mutation: You have acidic saliva. [Yellow Draconian
                  | growth]
 32112 | Lair:6   | Reached XP level 14. HP: 66/121 MP: 21/21
 33479 | Orc:1    | Learned a level 4 spell: Flame Wave
 33924 | Orc:2    | Noticed an orc warlord
 35368 | D:11     | Found Bifa's Assorted Antiques.
 35375 | D:11     | Bought a glowing cloak for 210 gold pieces
 37791 | D:12     | Acquired the ring of Res Nullius {rPois rN+++ Str-2 Int-5
                  | Dex+6}
 37813 | D:12     | Found a stormy altar of Qazlal.
 38373 | Lair:1   | Killed Gastronok
 38459 | Lair:1   | Acquired 957 gold pieces
 38604 | D:11     | Bought a scroll of acquirement for 1456 gold pieces
 38604 | D:11     | Acquired a +0 kite shield of protection
 38740 | Spider:1 | Entered Level 1 of the Spider Nest
 39118 | Spider:1 | Reached skill level 1 in Shields
 39240 | Spider:1 | Noticed an emperor scorpion
 41665 | D:13     | Found a gate to the Vaults.
 41912 | D:13     | Gained mutation: Your muscles are strong. (Str +2) [a
                  | shining eye]
 41989 | D:13     | Reached skill level 5 in Shields
 42074 | D:14     | Found Naplith's Weapon Shoppe.
 43349 | D:14     | Found a shimmering blue altar of Sif Muna.
 43740 | D:15     | Entered Level 15 of the Dungeon
 44022 | D:15     | Found a portal to a secret trove of treasure.
 44227 | D:15     | Noticed a stone giant
 44234 | D:15     | Killed a stone giant
 44235 | D:15     | Reached XP level 15. HP: 72/128 MP: 14/24
 44422 | D:15     | Found a staircase to the Depths.
 44464 | D:15     | Found a stormy altar of Qazlal.
 46108 | Shoals:1 | Entered Level 1 of the Shoals
 46425 | Shoals:1 | Reached skill level 10 in Shields
 47017 | Shoals:1 | Found Weanun's Weapon Boutique.
 47870 | Shoals:1 | Identified Roxanne's Papyrus of the Rocks
 47870 | Shoals:1 | Noticed Roxanne
 48095 | Shoals:1 | Identified the ring of the Tired Leylines {*Slow +Blink
                  | EV+4 Str+6 Dex+4}
 48835 | Shoals:2 | Found Sarogoin's Antique Weapon Shop.
 50087 | Shoals:3 | Noticed a kraken
 50215 | Shoals:3 | Killed a kraken
 50604 | Shoals:3 | Noticed a kraken
 51414 | Shoals:3 | Killed a kraken
 52322 | Shoals:4 | Entered Level 4 of the Shoals
 52585 | Shoals:4 | Reached XP level 16. HP: 98/136 MP: 16/26
 53158 | Shoals:4 | Noticed Ilsuiw
 56045 | Orc:2    | Found Mibo Larch's Antique Armour Shoppe.
 56045 | Orc:2    | Found Neq Magawn's Antique Armour Shop.
 56047 | Orc:2    | Found Luwn's Distillery.
 56049 | Orc:2    | Found Lushraam's Distillery.
 56056 | Orc:2    | Bought a potion of heal wounds for 60 gold pieces
 56058 | Orc:2    | Bought a potion of berserk rage for 60 gold pieces
 56058 | Orc:2    | Bought a potion of resistance for 120 gold pieces
 56107 | Elf:1    | Entered Level 1 of the Elven Halls
 56112 | Elf:1    | Paralysed by an air elemental for 1 turns
 56280 | Elf:1    | Found a frozen archway.
 56293 | IceCv    | Entered an ice cave
 56334 | IceCv    | Found a transporter.
 56346 | IceCv    | Found a transporter.
 56485 | IceCv    | Identified the +5 rapier "Emuliukk" {speed, Int+3}
 56487 | IceCv    | HP: 6/136 [dire elephant simulacrum[an orange crystal
                  | statue] (16)]
 56487 | IceCv    | Slain by a lindwurm simulacrum

Illustrated notes

Levels and vault maps discovered:
D:1:      giann_forest_graveyard, layout_basic, shapermc_ecumenical_altar_venn
D:2:      layout_basic, serial_shops, shop, grunt_decor_clamped
D:3:      layout_basic, mainiacjoe_overflow_surrounded_room,
          fedhas_ov_isle_minmay, marbit_many_paths
D:4:      layout_basic, mainiacjoe_overflow_paths
D:5:      layout_rooms, ashenzari_altar_1, doesnt_shop_hydraphobe
D:6:      layout_loops_ring, minmay_temple_entry_sparse_star,
          portal_sewer_entry_e, moated_statue, minmay_puff, uniq_blork_the_orc,
          uniq_sigmund
D:7:      layout_loops_ring, lemuel_coloured_pillars_altar
D:8:      layout_loops_corners, mainiacjoe_overflow_small_starburst,
          grunt_gozag_statues, nicolae_kikubaaqudgha_miasma_corner,
          david_lair_shrubbed, enter_bailey_7
D:9:      layout_stronghold, nicolae_overflow_crystal_walls,
          kb_xom_exploding_sheep, serial_shops, shop, uniq_prince_ribbit1
D:10:     layout_basic, mainiacjoe_overflow_brackets, kennysheep_little_box,
          zombieorc2_lemuel, uniq_erica
D:11:     cheibrodos_magma_flow, layout_basic, serial_shops, nicolae_shop_stone,
          serial_aquarium, aquarium_bridge_straight [aquarium_subvault_bridge,
          aquarium_subvault_wall, aquarium_subvault_bridge,
          aquarium_subvault_wall], aquarium_window_corner, aquarium_window_1,
          aquarium_view_2f, aquarium_pool_1
D:12:     layout_grid_maze, serial_ice, serial_ice_a, serial_ice_n,
          serial_ice_e, serial_ice_h, grunt_qazlal_clouds
D:13:     layout_roguey, david_vaults_1
D:14:     layout_big_octagon, lemuel_blue_sif_altar, serial_shops, shop
D:15:     grunt_enter_depths_snipers, layout_stronghold,
          nicolae_trove_entry_isolated, lemuel_doored_altar
Temple:   jpeg_temple_island
Lair:1:   layout_regular_city, nicolae_quartered_pool_medium,
          serial_bayou_lake_a, serial_bayou_shore_b, uniq_gastronok
Lair:2:   layout_cave_pods, eino_small_chamber_without_monster
Lair:3:   layout_concentric_octagons, minmay_shoals_entry_centaurs, basic_altar,
          lemuel_fruit_fields
Lair:4:   layout_roguey, nicolae_spider_entry_non_spiders, basic_altar
Lair:5:   layout_regular_city, gauntlet_entry_generic, uniq_josephine
Lair:6:   hangedman_lair_caniforms_friends, layout_loops_ring, slime_dummy,
          st_stairs_11, serial_bayou_shore_b
Shoals:1: layout_shoals, serial_shops, shop, nicolae_shoals_this_corrosion,
          uniq_roxanne
Shoals:2: layout_shoals, serial_shops, shop
Shoals:3: layout_shoals, nicolae_shoals_lost_giant_pillars
Shoals:4: shoals_end_simple, layout_shoals, shoal_ilsuiw,
          nicolae_shoals_siren_and_animal_friends
Spider:1: layout_spider_delve, uniq_nikola
Orc:1:    layout_diamond_mine, serial_shops, nicolae_shop_statue_plus
Orc:2:    st_orc_rangers, layout_caves
Elf:1:    nicolae_elf_arrival_aired_out, layout_loops_corners,
          portal_ice_cave_entry_pillars_2, hangedman_elven_crosses_minicolossus
IceCv:    ice_cave_statue_garden_transporter

Skill      XL: |  1  2  3  4  5  6  7  8  9 10 11 12 13 14 15 16 |
---------------+-------------------------------------------------+-----
Axes           | 4 5 6 8 9 11 12 14 | 14.2
Spellcasting   | 2 4 5 6 7 |  7.9
Fire Magic     | 4 5 6 7 8 |  8.2
Fighting       | 5 8 10 | 10.7
Conjurations   | 3 5 6 7 8 |  8.9
Air Magic      | 4 5 |  5.0
Poison Magic   | 3 |  3.0
Dodging        | 2 6 11 | 11.5
Evocations     | 2 7 |  7.4
Translocations | 2 4 |  4.0
Shields        | 7 12 | 12.5

Action                   |  1- 3 |  4- 6 |  7- 9 | 10-12 | 13-15 | 16-18 || total
-------------------------+-------+-------+-------+-------+-------+-------++-------
Melee: Hand axe          |    79 |    87 |   212 |   709 |  1231 |    43 ||  2361
       Tailslap          |     6 |     8 |    24 |    99 |   173 |    10 ||   320
       Bite              |       |       |       |       |    81 |     4 ||    85
 Fire: Hand crossbow     |       |       |       |     2 |     6 |       ||     8
Throw: Stone             |     2 |       |       |       |       |       ||     2
       Boomerang         |       |     1 |     7 |     1 |     2 |       ||    11
       Dart              |       |       |    35 |    14 |    24 |     1 ||    74
       Javelin           |       |       |       |     1 |       |       ||     1
 Cast: Scorch            |    15 |    51 |   195 |   284 |   379 |    28 ||   952
       Blink             |       |       |       |     1 |    38 |       ||    39
       Poisonous Vapours |       |       |       |       |   110 |    37 ||   147
       Mephitic Cloud    |       |       |       |       |    42 |     6 ||    48
       Foxfire           |       |       |       |       |    22 |     1 ||    23
       Flame Wave        |       |       |       |       |    53 |    15 ||    68
Invok: Foxfire Swarm     |       |       |     1 |     1 |     1 |       ||     3
 Abil: Breathe Acid      |       |       |       |    57 |   116 |    15 ||   188
       Evoke Blink       |       |       |       |       |       |     1 ||     1
Evoke: Wand              |       |       |     1 |    14 |    28 |     1 ||    44
  Use: Scroll            |     2 |     2 |     7 |    10 |    15 |     5 ||    41
       Potion            |     1 |     1 |       |     6 |     5 |     2 ||    15
 Stab: Paralysed         |       |       |       |     4 |     4 |       ||     8
       Confused          |       |       |       |       |    12 |     2 ||    14
Armor: Skin              |    26 |    39 |    94 |   258 |   549 |    38 ||  1004
Dodge: Dodged            |    54 |    68 |   172 |   400 |  1056 |   133 ||  1883
Block: Kite shield       |       |       |       |       |   144 |    90 ||   234

Table legend: (Time is in decaauts)
 A = Elapsed time spent in this place.
 B = Non-inter-level travel time spent in this place.
 C = Inter-level travel time spent in this place.
 D = Time resting spent in this place.
 E = Time spent auto-exploring this place.
 F = Levels seen in this place.
 G = Mean time per level.
                   A        B        C        D        E       F      G
               +--------+--------+--------+--------+--------+-----+--------+
         Total |  55935 |  52511 |   3424 |  25353 |  16790 |  33 | 1695.0 |
       Dungeon |  26787 |  24634 |   2153 |   9955 |   9877 |  15 | 1785.8 |
        Temple |    283 |    273 |     10 |      0 |    267 |   1 |  283.0 |
          Lair |  15197 |  14304 |    893 |   7546 |   3940 |   6 | 2532.8 |
        Shoals |   6889 |   6594 |    295 |   3664 |   1653 |   4 | 1722.2 |
   Spider Nest |    175 |    175 |      0 |     18 |      6 |   1 |  175.0 |
  Orcish Mines |   4601 |   4530 |     71 |   3284 |    520 |   2 | 2300.5 |
   Elven Halls |     64 |     64 |      0 |      0 |      0 |   1 |   64.0 |
         Sewer |    752 |    752 |      0 |    188 |    333 |   1 |  752.0 |
        Bailey |    989 |    989 |      0 |    537 |    191 |   1 |  989.0 |
      Ice Cave |    193 |    193 |      0 |    161 |      0 |   1 |  193.0 |
               +--------+--------+--------+--------+--------+-----+--------+

Top non-repeatable levels by time:
  Lair:5: 3901 daAuts
   Orc:1: 3801 daAuts
    D:10: 3653 daAuts
  Lair:4: 3154 daAuts
  Lair:6: 3153 daAuts
Shoals:3: 2951 daAuts
     D:8: 2789 daAuts
  Lair:3: 2430 daAuts
     D:9: 2359 daAuts
Shoals:1: 2257 daAuts
    D:13: 2108 daAuts
  Lair:2: 2029 daAuts
    D:11: 1970 daAuts
    D:15: 1944 daAuts
     D:6: 1799 daAuts
